 Dungeon Crawl Stone Soup version 0.22.1 (webtiles) character file.

149 yevrey the Skirmisher (level 5, 0/47 HPs)
             Began as a Hill Orc Fighter on Sept 19, 2018.
             Slain by a river rat (5 damage)
             ... summoned by Eustachio
             ... on level 4 of the Dungeon.
             The game lasted 00:06:37 (2029 turns).

yevrey the Skirmisher (Hill Orc Fighter)            Turns: 2029, Time: 00:06:38

Health: 0/47       AC:  7    Str: 25    XL:     5   Next: 31%
Magic:  5/5        EV:  7    Int:  8    God:
Gold:   104        SH: 10    Dex: 10    Spells: 4/4 levels left

rFire    . . .     SeeInvis .   a - +0 war axe
rCold    . . .     Gourm    .   c - +0 shield
rNeg     . . .     Faith    .   b - +0 scale mail
rPois    .         Spirit   .   (no helmet)
rElec    .         Reflect  .   (no cloak)
rCorr    .         Harm     .   (no gloves)
MR       .....                  (no boots)
Stlth    ..........             (no amulet)
HPRegen  0.15/turn              (no ring)
MPRegen  0.09/turn              (no ring)

@: mighty
A: no striking features
a: no special abilities


You were on level 4 of the Dungeon.
You were not hungry.

You visited 1 branch of the dungeon, and saw 4 of its levels.

You collected 104 gold pieces.

Inventory:

Hand Weapons
 a - a +0 war axe (weapon)
 g - a +0 long sword
 s - a +0 hunting sling
 B - a +0 spear
Missiles
 e - 20 sling bullets
 v - 39 stones (quivered)
Armour
 b - a +0 scale mail (worn)
 c - a +0 shield (worn)
 x - a +1 helmet
Jewellery
 h - an uncursed ring of positive energy {unknown}
 j - an uncursed ring of see invisible {unknown}
 k - an uncursed ring of ice {unknown}
 u - an uncursed ring of wizardry {unknown}
Scrolls
 i - a scroll of magic mapping {unknown}
 l - 2 scrolls of identify {unknown}
 m - a scroll of random uselessness {unknown}
 q - a scroll of remove curse {unknown}
 y - a scroll of enchant armour {unknown}
 z - a scroll of teleportation {unknown}
Potions
 n - 2 potions of flight {unknown}
 o - 2 potions of cancellation {unknown}
 p - a potion of brilliance {unknown}
 r - a potion of lignification {unknown}
 w - a potion of degeneration {unknown}
 A - a potion of invisibility {unknown}
Comestibles
 f - 3 rations
 t - 6 chunks of flesh


   Skills:
 * Level 4.6 Fighting
 + Level 4.3 Axes
 + Level 3.9 Armour
 + Level 4.5 Shields


You had 4 spell levels left.
You didn't know any spells.
Your spell library was empty.

Dungeon Overview and Level Annotations

Branches:
Dungeon (4/15)
 Temple: D:4-7

Altars:
Xom

Annotations:
D:4 Eustachio


Message History

You barely miss Eustachio.
Eustachio is severely wounded.
You closely miss the river rat. You slash the river rat!
You kill the river rat!
The river rat's corpse disappears in a puff of smoke!
You block Eustachio's attack. The river rat bites you.
* * * LOW HITPOINT WARNING * * *
The river rat bites you!
* * * LOW HITPOINT WARNING * * *
Eustachio casts a spell.
Eustachio blinks!
Eustachio gestures wildly while chanting.
The river rat barely misses you. You block the river rat's attack.
Some of the chunks of flesh in your inventory have rotted away.
There is an open door, spattered with blood here.
You closely miss the river rat.
The river rat is moderately wounded.
The river rat bites you.
You die...

####.#.....#...##..#.####.###.###
#..#.#.#................#.....# #
#.........#.#####.#...#.#########
######.#....รท.....##..#.# #...^.
.......##.#.###.......#.# #.####
#####..#.....##.........# #.#
....#..##############.### #.#
.##.#...........)# #.######.#
.##.#.##########@# .......<.#
......# ###r#+##.######## ###.###
#...5.5@.5>.. ###.# #....<.######
....# #......# ##### #......#
#......# #......# ##..#...


You could see a river rat and a shadow imp.

Vanquished Creatures
  Robin (D:2)
  4 gnolls (D:3)
  4 adders
  A worm (D:2)
  A dart slug (D:2)
  2 leopard geckos (D:1)
  8 bats
  4 giant cockroaches (D:2)
  14 goblins
  5 hobgoblins
  3 jackals (D:2)
  3 kobolds
  3 frilled lizards
  2 rats
55 creatures vanquished.

Notes
Turn   | Place    | Note
-------+----------+-------------------------------------------
     0 | D:1      | yevrey the Hill Orc Fighter began the quest for the Orb.
     0 | D:1      | Reached XP level 1. HP: 19/19 MP: 1/1
   160 | D:1      | Reached XP level 2. HP: 24/27 MP: 2/2
   843 | D:2      | Reached XP level 3. HP: 33/33 MP: 3/3
  1120 | D:2      | Noticed Robin
  1128 | D:2      | Killed Robin
  1128 | D:2      | Reached XP level 4. HP: 28/40 MP: 4/4
  1286 | D:2      | Found a shimmering altar of Xom.
  1794 | D:3      | Reached XP level 5. HP: 38/47 MP: 5/5
  1982 | D:4      | Noticed Eustachio
  2029 | D:4      | Slain by a river rat

Skill      XL: |  1  2  3  4 |
---------------+-------------+-----
Fighting       | 4 |  4.6
Axes           | 3 4 |  4.3
Shields        | 4 |  4.5
Armour         | |  3.9

Action                   |  1- 3 |  4- 6 || total
-------------------------+-------+-------++-------
Melee: War axe           |   126 |    56 ||   182
       Spear             |       |    42 ||    42
  Use: Potion            |       |     1 ||     1
  Eat: Chunk             |     1 |     3 ||     4
Armor: Scale mail        |    65 |    25 ||    90
Dodge: Dodged            |    55 |    31 ||    86
Block: Shield            |    76 |    62 ||   138
